 Dungeon Crawl Stone Soup version 0.29-a0-341-g24ffce5b50 (webtiles) character file.

Game seed: 5935185786497989892

1 spaghetti the Conjurer (level 1, 4/15 HPs)
             Began as a Naga Conjurer on Apr 20, 2022.
             Quit the game on level 1 of the Dungeon.
             The game lasted 00:01:18 (61 turns).

spaghetti the Conjurer (Naga Conjurer)                Turns: 61, Time: 00:01:19

Health: 4/15       AC:  1    Str:  9    XL:     1   Next: 20%
Magic:  2/3        EV:  9    Int: 18    God:
Gold:   0          SH:  0    Dex:  9    Spells: 3/4 levels left

rFire   . . .      SeeInvis +   (no weapon)
rCold   . . .      Faith    .   (no shield)
rNeg    . . .      Spirit   .   a - +0 robe
rPois   +          Reflect  .   (no helmet)
rElec   .          Harm     .   (no cloak)
rCorr   .          Rampage  .   (no gloves)
Will    .....                   (no barding)
Stlth   ++........              (no amulet)
HPRegen 0.05/turn               (no ring)
MPRegen 0.08/turn               (no ring)

@: short of breath, very slow
A: AC +0, large, see invisible, deformed body, poison resistance, slowness 2,
spit poison 1, naga tail 1
a: Spit Poison


You were on level 1 of the Dungeon.
You visited 1 branch of the dungeon, and saw 1 of its levels.


Innate Abilities, Weirdness & Mutations

Your serpentine skin is tough. (AC +0)
You have supernaturally acute eyesight. (SInv)
Armour fits poorly on your strangely shaped body.
Your system is resistant to poisons. (rPois)
You cover ground very slowly.
You can spit poison.
You have a snake-like lower body.


   Skills:
 + Level 1.7 Dodging
 - Level 3.0 Stealth
 - Level 2.0 Spellcasting
 - Level 4.0 Conjurations


You had 3 spell levels left.
You knew the following spells:

 Your Spells              Type           Power      Damage    Failure   Level
a - Magic Dart            Conj           64%        1d6       3%          1

Your spell library contained the following spells:

 Spells                   Type           Power      Damage    Failure   Level
 Searing Ray              Conj           32%        2d5       5%          2
 Dazzling Flash           Conj/Hex       18%        N/A       24%         3
 Fulminant Prism          Conj/Hex       4%         3d6       61%         4
 Iskenderun's Mystic Bla  Conj/Tloc      9%         2d4       61%         4

Inventory:

Armour
 a - a +0 robe (worn)
Scrolls
 c - 3 scrolls of vulnerability {unknown}
Potions
 b - a potion of magic

Dungeon Overview and Level Annotations

Branches:
Dungeon (1/15)

Altars:

.. ... .... ..
.......##. ... .....
.........######... .....
...(...........# ....
..........?...#. ...
#.............. ###..#
#).....@)...... .....#
##.............
♣♣♣..######..?†...b...$.
P..♣..............#....#
...♣..########....#.....
..P♣..# ###### ....
.PP♣..# .... P..♣..# ...
P..♣..#


You could see a bat.


Message History

You kill the goblin!
No target in range!
No target in range! 😎 MP[-2]
You lost 2 mp, and now have 0/3 mp.
No target in range!
No target in range!
No target in range!
No target in range!
No target in range!
No target in range!
No target in range!
No target in range!
No target in range!
No target in range!
No target in range!
No target in range!
No target in range!
No target in range!
No target in range!
No target in range!
No target in range!
No target in range!
No target in range!
A ball python is nearby!
You see here a scroll labelled LUQEHESIDA.
You closely miss the ball python. The ball python barely misses you.
You hit the ball python. The ball python closely misses you.
You barely miss the ball python.
The ball python bites you but does no damage.
You completely miss the ball python. The ball python bites you. 😕 HP[-1]
You take 1 damage, and now have 14/15 hp.
You hit the ball python.
A bat comes into view.
The ball python barely misses you. The ball python bites you. 😮 HP[-3]
You take 3 damage, and now have 11/15 hp.
You hit the ball python.
You kill the ball python!
The bat barely misses you.
You see here a ball python corpse. 😕 HP[+1] Unknown command.
The bat hits you. The bat barely misses you.
The bat hits you but does no damage. The bat misses you. 😮 HP[-1] MP[+1]
You take 1 damage, and now have 11/15 hp.
You closely miss the bat. The bat barely misses you. The bat hits you.
The bat hits you but does no damage. 😮 HP[-1]
You take 1 damage, and now have 10/15 hp.
You closely miss the bat. The bat hits you. 😮 HP[-1]
You take 1 damage, and now have 9/15 hp.
You barely miss the bat. The bat barely misses you. The bat closely misses you.
The bat hits you. 😮 HP[-1]
You take 1 damage, and now have 8/15 hp.
A bat is nearby!
A bat is nearby!
A bat is nearby!
You closely miss the bat. The bat closely misses you. The bat hits you.
* * * LOW HITPOINT WARNING * * *
The bat barely misses you. 😨 HP[-1]
You take 1 damage, and now have 7/15 hp.
Unknown command.
Aiming: Spit Poison (3% risk of failure)
Press: ? - help, Shift-Dir - straight line, f - bat
Aim: a bat (35% to hit)
The splash of poison misses the bat.
You closely miss the bat. The bat barely misses you.
You hit the bat but do no damage. The bat hits you.
* * * LOW HITPOINT WARNING * * *
😨 HP[-1] MP[+1]
You take 1 damage, and now have 6/15 hp.
The bat hits you.
* * * LOW HITPOINT WARNING * * *
😨 HP[-1]
You take 1 damage, and now have 5/15 hp.
A bat is nearby!
Unknown command.
You hit the bat but do no damage.
You have got your breath back.
The bat hits you.
* * * LOW HITPOINT WARNING * * *
😨 HP[-1]
You take 1 damage, and now have 4/15 hp.
Aiming: Spit Poison (3% risk of failure)
Press: ? - help, Shift-Dir - straight line, f/p - bat
Aim: a bat (35% to hit)
The splash of poison misses the bat.
The bat completely misses you.
A bat is nearby!
Are you sure you want to abandon this character and quit the game? (Confirm with "yes".)
Okay, then.
Unknown command.
Are you sure you want to abandon this character and quit the game? (Confirm with "yes".)

Action                   || total
-------------------------++-------
Melee: Unarmed           ||    13
 Cast: Magic Dart        ||     3
 Abil: Spit Poison       ||     2
Armor: Robe              ||     3
Dodge: Dodged            ||    13

Levels and vault maps discovered:
D:1:      scummos_arrival_checkerplants, layout_basic, minmay_box_of_dots

Notes
Turn   | Place    | Note
-------+----------+-------------------------------------------
     0 | D:1      | spaghetti the Naga Conjurer began the quest for the Orb.
     0 | D:1      | Reached XP level 1. HP: 15/15 MP: 3/3
     0 | D:1      | magus.rc [v1.9.6]
    61 | D:1      | Quit the game

Vanquished Creatures
  A ball python (D:1)
  A goblin (D:1)
2 creatures vanquished.

Table legend:
 A = Non-vault XP
 B = Vault XP
 C = Vault XP percentage of total XP
 D = Non-vault monster count
 E = Vault monster count
 F = Vault count percentage of total count
                 A         B        C        D         E       F
            +---------+---------+-------+---------+---------+-------
      Total |       2 |       0 |   0.0 |       2 |       0 |   0.0
            +---------+---------+-------+---------+---------+-------
        D:1 |       2 |       0 |   0.0 |       2 |       0 |   0.0
            +---------+---------+-------+---------+---------+-------

Illustrated notes

Table legend:
 A = Kills in this place as a percentage of kills in entire the game.
 B = Kills by you in this place as a percentage of kills by you in the entire game.
 C = Kills by friends in this place as a percentage of kills by friends in the entire game.
 D = Other kills in this place as a percentage of other kills in the entire game.
 E = Experience gained in this place as a percentage of experience gained in the entire game.
 F = Experience gained in this place divided by the number of levels of this place that you have seen.
                   A       B       C       D       E      F
               +-------+-------+-------+-------+-------+----------------------
         Total | 100.0 | 100.0 |   N/A |   N/A | 100.0 |   2.0
       Dungeon | 100.0 | 100.0 |   N/A |   N/A | 100.0 |   2.0
               +-------+-------+-------+-------+-------+----------------------

Table legend: (Time is in decaauts)
 A = Elapsed time spent in this place.
 B = Non-inter-level travel time spent in this place.
 C = Inter-level travel time spent in this place.
 D = Time resting spent in this place.
 E = Time spent auto-exploring this place.
 F = Levels seen in this place.
 G = Mean time per level.
                   A        B        C        D        E       F      G
               +--------+--------+--------+--------+--------+-----+--------+
         Total |     77 |     77 |      0 |      0 |     46 |   1 |   77.0 |
       Dungeon |     77 |     77 |      0 |      0 |     46 |   1 |   77.0 |
               +--------+--------+--------+--------+--------+-----+--------+

Top non-repeatable levels by time:
     D:1: 77 daAuts
